AoeStats
← Chaves

Arena

510874525Analyzed
1v1 RM · 12h ago on Oct 2, 2026· 41m 10s· 2 players
Game mode
Random Map
Map size
Tiny (2 player)
Population
200
Speed
Normal
Resources
Standard
Victory
Conquest
Starting age
Dark Age
Ending age
Imperial Age
RankedLock teamsTeams togetherTeam positionsShared explorationLock speedFull tech treeHidden civsTurbo modeCheats
Victory
Defeat
🇧🇷 Japanese · Brazil
1011
+14
🇦🇺 Bohemians · Australia
974
-14
xXTiroNoChakraXx
11:54 Feudal Age
14:05 Loom
17:47 Castle Age
16:20 Double-Bit Axe
16:40 Horse Collar
20:21 Fervor
27:17 Wheelbarrow
29:38 Hand Cart
Chaves
2:35 Loom
10:27 Feudal Age
11:20 Double-Bit Axe
16:30 Castle Age
15:32 Stone Mining
17:05 Town Watch
17:59 Scale Mail Armor
18:10 Forging
18:39 Wheelbarrow
17:59 Horse Collar
22:52 Chain Mail Armor
27:14 Gold Mining
29:15 Fletching
34:31 Iron Casting
Connection lost

Rejoining the realm…

Still unreachable

The connection could not be restored.

Session expired

The server has moved on; the page needs a fresh start.